Map: Neon Violet Square LE

Players

Geralt (Gerald) - Winner!

  • Race: Protoss Protoss
  • League: Grandmaster
  • Spawn Location: 5:00

Kelazhur

  • Race: Terran Terran
  • League: Master
  • Spawn Location: 11:00

Event: HomeStory Cup XXVI

VOD

Have the link to the VOD?

Description

Time

  • Played on: Nov. 29, 2024, 3:42 p.m.
  • Length: 19:28

All games in this series

Show
View Real Time Build Order
Export as new Build Order

Geralt Protoss - Winner!

Build Orders: 1 Gate Expand, Blink Stalkers, Colossus Rush 

Get SALT Encoding   

  12  0:00  Probe  
  13  0:12  Probe  
  14  0:17  Pylon  
  14  0:23  Probe  
  15  0:31  Probe  
  16  0:37  Gateway  
  16  0:39  Probe  
  16  0:47  Assimilator  
  17  0:50  Probe  
  18  1:03  Probe  
  19  1:15  Probe  
  20  1:24  Cybernetics Core  
  20  1:27  Probe  
  21  1:36  Nexus  
  21  1:40  Probe  
  21  1:46  Assimilator  
  22  1:53  Pylon  
  22  1:55  Probe  
  22  1:59  Stalker  
  23  2:09  Warp Gate  
  23  2:13  Probe  
  26  2:17  Stalker  
  25  2:25  Probe  
  28  2:36  Twilight Council  
  28  2:37  Probe  
  28  2:42  Blink  
  28  2:44  Stalker  
  29  2:49  Probe x2  
  33  3:01  Probe x2  
  35  3:13  Probe  
  35  3:14  Probe  
  37  3:21  Pylon  
  37  3:26  Probe x2  
  39  3:38  Probe x2  
  41  3:50  Probe x2  
  41  3:53  Nexus  
  43  3:57  Sentry  
  43  3:58  Pylon  
  43  4:01  Robotics Facility  
  43  4:02  Probe  
  46  4:09  Probe  
  47  4:12  Gateway  
  47  4:14  Probe  
  48  4:17  Gateway  
  48  4:21  Probe  
  48  4:22  Pylon  
  49  4:28  Stalker  
  51  4:32  Probe  
  51  4:33  Assimilator  
  51  4:37  Shield Battery  
  52  4:41  Gateway  
  52  4:42  Probe  
  52  4:44  Pylon  
  53  4:52  Immortal  
  57  4:56  Sentry  
  57  4:59  Probe  
  60  5:00  Probe  
  60  5:04  Robotics Bay  
  61  5:11  Probe  
  61  5:12  Stalker, Probe, Zealot  
  67  5:16  Assimilator, Probe  
  68  5:22  Stalker  
  68  5:23  Probe  
  68  5:24  Probe  
  72  5:30  Probe  
  72  5:32  Pylon  
  73  5:35  Probe  
  73  5:39  Probe  
  73  5:42  Pylon  
  75  5:45  Shield Battery  
  75  5:49  Stalker x3  
  81  5:52  Probe x2  
  81  5:53  Colossus  
  83  6:03  Probe  
  90  6:08  Probe x2  
  92  6:14  Forge  
  92  6:15  Probe  
  93  6:18  Forge  
  93  6:20  Probe x2  
  95  6:27  Charge, Probe  
  96  6:33  Protoss Ground Weapons Level 1  
  96  6:37  Colossus  
  96  6:41  Protoss Ground Armor Level 1  
  96  6:44  Nexus, Probe  
  96  6:45  Pylon  
  98  6:50  Gateway  
  98  6:53  Gateway  
  97  6:58  Probe  
  97  7:00  Pylon  
  104  7:03  Photon Cannon  
  104  7:04  Shield Battery  
  104  7:05  Probe x2  
  104  7:08  Shield Battery  
  106  7:10  Probe  
  106  7:14  Gateway  
  107  7:17  Gateway, Probe  
  107  7:18  Probe  
  109  7:26  Probe  
  109  7:29  Pylon  
  110  7:32  Zealot  
  110  7:33  Zealot x3  
  110  7:35  Colossus  
  110  7:36  Pylon  
  118  7:43  Probe  
  125  7:46  Pylon  
  125  7:47  Probe x2  
  125  7:50  Extended Thermal Lance  
  125  7:51  Pylon x2  
  127  7:53  Probe x2  
  129  8:02  Probe  
  129  8:05  Nexus  
  129  8:06  Pylon  
  124  8:14  Protoss Ground Weapons Level 2, Probe  
  124  8:17  Stalker x4  
  124  8:18  Zealot x2  
  124  8:19  Probe  
  134  8:20  Warp Prism  
  134  8:25  Probe x2  
  136  8:30  Protoss Ground Armor Level 2  
  136  8:33  Assimilator  
  138  8:36  Assimilator, Zealot x2  
  142  8:44  Gateway x2  
  142  8:45  Zealot x3  
  142  8:48  Disruptor  
  148  9:00  Probe  
  153  9:06  Templar Archives, Probe  
  154  9:13  Zealot x3  
  154  9:14  Zealot x2  
  154  9:15  Disruptor  
  164  9:18  Zealot x3  
  164  9:19  Nexus  
  164  9:20  Pylon  
  164  9:23  Probe  
  175  9:48  Disruptor  
  175  9:49  Psionic Storm  
  175  9:50  Probe  
  170  9:55  Probe x2  
  160  10:00  High Templar x2  
  160  10:01  High Templar x2  
  160  10:05  Photon Cannon  
  168  10:07  Photon Cannon  
  168  10:08  Gateway  
  168  10:11  Gateway  
  168  10:13  Assimilator, Pylon  
  168  10:15  Photon Cannon  
  168  10:17  Photon Cannon  
  168  10:18  Photon Cannon  
  168  10:19  High Templar x2  
  168  10:20  Photon Cannon  
  172  10:22  Shield Battery  
  172  10:23  Shield Battery  
  172  10:25  Shield Battery  
  172  10:27  Zealot x4  
  180  10:28  Pylon  
  180  10:30  Pylon  
  178  10:37  Zealot x4  
  178  10:39  Probe  
  178  10:42  Disruptor  
  191  10:44  Pylon  
  191  10:53  Pylon  
  191  10:57  Zealot x4  
  177  11:11  Colossus  
  177  11:15  Archon  
  137  11:19  Stalker x12  
  157  11:27  Protoss Ground Armor Level 3  
  157  11:28  Probe  
  157  11:30  Robotics Facility  
  158  11:38  Gateway x2  
  158  11:43  Zealot x4  
  158  11:44  Zealot x8  
  158  11:47  Protoss Ground Weapons Level 3  
  178  12:03  Nexus  
  178  12:04  Pylon  
  174  12:12  Zealot, High Templar x2  
  174  12:13  Zealot x7  
  194  12:16  Disruptor  
  184  12:45  High Templar x2  
  184  12:49  Zealot x9  
  194  13:03  Archon  
  194  13:04  Probe, Colossus  
  194  13:05  Colossus  
  163  13:18  Probe  
  170  13:20  Assimilator  
  170  13:21  Assimilator  
  170  13:25  Dark Shrine  
  170  13:27  Zealot x12  
  170  13:28  Zealot x2  
  170  13:33  Nexus  
  190  13:35  Pylon  
  190  13:37  Archon  
  190  13:55  Zealot x4, High Templar  
  184  14:05  Zealot x8  
  184  14:06  Probe  
  180  14:15  Zealot  
  180  14:16  Zealot x4  
  162  14:17  Protoss Shields Level 1  
  162  14:19  Probe  
  153  14:26  Probe  
  153  14:27  Stalker x5  
  153  14:28  Stalker x4  
  153  14:29  Probe x5  
  177  14:33  Probe  
  177  14:38  Probe  
  173  14:42  Shadow Stride  
  173  14:50  Zealot  
  173  14:51  Zealot x6  
  173  14:52  Zealot x4  
  185  14:53  Zealot x2  
  187  15:10  Disruptor  
  187  15:14  High Templar x3  
  197  15:16  Probe  
  190  15:32  Disruptor  
  194  15:44  Disruptor  
  184  15:58  Disruptor  
  184  16:00  High Templar  
  184  16:01  High Templar  
  188  16:04  Photon Cannon  
  188  16:06  Photon Cannon  
  188  16:07  Protoss Shields Level 2  
  188  16:08  Shield Battery, Photon Cannon  
  188  16:09  Shield Battery  
  186  16:12  Disruptor  
  186  16:23  Gateway  
  190  16:25  Gateway  
  190  16:29  Gateway  
  190  16:31  Gateway  
  158  16:46  Stalker x5  
  158  16:47  Stalker x9  
  172  16:57  Archon  
  152  17:10  Zealot x4  
  152  17:11  Zealot x10  
  168  17:21  Probe x2  
  168  17:22  Probe  
  148  17:23  Shield Battery  
  142  17:30  Colossus  
  142  17:35  Zealot x3  
  142  17:36  Zealot x15  
  178  17:46  Probe  
  178  17:47  Assimilator  
  178  17:50  Assimilator  
  179  17:54  Pylon  
  179  18:01  Zealot x6  
  179  18:02  Zealot x4  
  199  18:12  Shield Battery, Photon Cannon  
  199  18:14  Pylon  
  197  18:37  High Templar  
  195  18:44  Probe  
  195  18:47  Stalker x5  
  154  19:06  Stalker x2  
  154  19:09  Zealot x4  
  160  19:10  Zealot x12  
Show
View Real Time Build Order
Export as new Build Order

Kelazhur Terran 

Build Orders: Reaper Expand 

Get SALT Encoding   

  12  0:00  SCV  
  13  0:12  SCV  
  14  0:17  Supply Depot  
  14  0:24  SCV  
  15  0:39  SCV  
  15  0:40  Barracks  
  16  0:44  Refinery  
  16  0:51  SCV  
  17  1:03  SCV  
  18  1:15  SCV  
  19  1:27  Orbital Command, Reaper  
  20  1:42  Command Center  
  20  1:49  Supply Depot  
  20  1:53  SCV  
  21  2:00  Barracks Reactor  
  21  2:05  SCV  
  22  2:11  Bunker  
  22  2:17  SCV  
  23  2:29  SCV  
  24  2:36  Marine x2  
  26  2:41  SCV  
  27  2:49  Command Center  
  27  2:53  SCV  
  27  2:55  Marine x2  
  30  3:01  Orbital Command  
  30  3:07  SCV  
  31  3:13  Barracks  
  31  3:17  Barracks  
  31  3:21  Marine x2  
  31  3:24  SCV  
  34  3:27  SCV  
  35  3:36  SCV  
  35  3:39  Marine x2  
  35  3:41  SCV  
  38  3:43  Engineering Bay  
  39  3:48  SCV  
  39  3:53  SCV  
  40  3:56  Refinery  
  40  3:58  Marine x2  
  40  4:00  Barracks Tech Lab  
  40  4:01  SCV  
  40  4:02  Orbital Command  
  43  4:03  Barracks Tech Lab  
  43  4:07  SCV  
  43  4:09  Terran Infantry Weapons Level 1  
  44  4:14  SCV  
  45  4:17  Marine x2  
  45  4:20  Stimpack  
  45  4:21  Combat Shield  
  45  4:23  Marauder  
  51  4:24  Marauder  
  51  4:25  SCV  
  51  4:26  SCV  
  53  4:32  SCV  
  53  4:33  Supply Depot  
  53  4:36  Marine x2  
  53  4:37  SCV  
  57  4:41  SCV  
  57  4:42  Supply Depot  
  57  4:44  Marauder  
  57  4:45  Marine  
  61  4:54  SCV x2  
  61  4:59  Supply Depot, SCV, Marine x2  
  66  5:03  Marauder  
  66  5:05  Marauder  
  66  5:06  SCV  
  71  5:08  SCV  
  71  5:10  Supply Depot  
  72  5:17  SCV, Marine x2  
  72  5:19  SCV  
  76  5:24  Supply Depot  
  76  5:28  Factory  
  76  5:29  SCV  
  76  5:30  Supply Depot  
  76  5:31  Marauder x2  
  76  5:35  Marine x2  
  83  5:37  SCV x2  
  83  5:39  Refinery  
  83  5:40  Supply Depot  
  85  5:47  SCV  
  85  5:48  Supply Depot  
  86  5:53  Marine x2, Marauder x2  
  87  5:58  Concussive Shells  
  87  5:59  SCV x2  
  87  6:00  SCV  
  87  6:01  Barracks  
  87  6:02  Barracks  
  88  6:10  Marine  
  88  6:11  SCV x2, Marine  
  88  6:12  Terran Infantry Armor Level 1  
  88  6:14  Marauder  
  88  6:17  Starport  
  88  6:18  Factory Reactor  
  88  6:20  Marauder  
  88  6:21  SCV  
  88  6:23  SCV  
  88  6:25  Supply Depot  
  92  6:27  Refinery  
  92  6:28  SCV  
  92  6:29  Marine x2  
  95  6:33  SCV  
  95  6:35  Refinery  
  95  6:36  Marauder  
  98  6:41  SCV, Marauder  
  98  6:46  Supply Depot, SCV x2  
  103  6:48  Supply Depot, Marine x2  
  103  6:50  Barracks Tech Lab, Barracks Reactor  
  103  6:53  SCV  
  106  6:58  SCV  
  106  7:00  Supply Depot  
  108  7:01  Supply Depot  
  108  7:03  Barracks Tech Lab  
  108  7:05  Medivac x2  
  108  7:06  Siege Tank, Marine  
  108  7:07  Marine  
  108  7:08  Marine  
  118  7:09  Supply Depot  
  117  7:16  Command Center  
  117  7:17  Marauder  
  117  7:22  Marauder  
  121  7:25  Refinery  
  121  7:35  Marine x3, Medivac x2  
  121  7:36  Marine, Marauder  
  131  7:39  Siege Tank  
  138  7:44  Marauder x2  
  138  7:53  Marine x4  
  138  7:57  Marauder  
  144  8:05  Marine, Marauder, Medivac x2  
  151  8:11  Marine  
  144  8:16  Marine x2  
  144  8:18  Siege Tank, Marauder  
  144  8:19  Marine  
  150  8:23  SCV x3, Marauder  
  155  8:29  Supply Depot  
  155  8:31  Marine  
  155  8:32  Supply Depot x2, Marauder, Sensor Tower  
  155  8:33  Supply Depot  
  158  8:34  Marine  
  158  8:35  SCV  
  158  8:36  Ghost Academy  
  158  8:38  Viking  
  158  8:40  Viking  
  164  8:43  SCV x2  
  164  8:47  Marine  
  164  8:48  Marauder  
  169  8:56  Marine, Sensor Tower  
  169  8:57  Marine x2  
  169  9:01  Planetary Fortress  
  172  9:08  Viking  
  174  9:10  Viking  
  174  9:14  Ghost  
  174  9:15  Ghost  
  182  9:18  Ghost  
  185  9:24  Marine x4  
  185  9:28  Armory  
  185  9:29  Engineering Bay  
  189  9:41  Viking  
  189  9:42  Viking  
  189  9:43  Barracks  
  189  9:45  Barracks  
  193  9:46  Barracks  
  193  9:48  Factory Reactor  
  189  9:53  Ghost x2  
  189  9:55  Marine  
  189  9:56  Marine x2, Marauder  
  192  10:02  Personal Cloaking  
  192  10:10  Command Center  
  192  10:17  Viking  
  192  10:18  Viking  
  196  10:27  Supply Depot, Engineering Bay  
  196  10:28  Supply Depot x2  
  196  10:35  Terran Infantry Weapons Level 2  
  192  10:36  Terran Infantry Armor Level 2  
  192  10:42  Barracks Tech Lab x2  
  190  10:47  Viking  
  190  10:48  Viking  
  194  10:56  Marauder x2  
  188  11:00  Marine, Marauder  
  188  11:01  Marine x5, Marauder  
  188  11:17  Marine x2  
  167  11:18  Marine  
  167  11:19  Marine x3, Marauder x2  
  167  11:21  Marine  
  167  11:22  Marine  
  159  11:29  Medivac x2  
  159  11:32  Widow Mine x2  
  161  11:35  Marine x2  
  161  11:36  Marine x4  
  168  11:40  Marine  
  168  11:41  Ghost x2, Marauder  
  176  11:48  Planetary Fortress  
  176  11:53  Marine, Marauder  
  179  11:54  Marine  
  179  11:56  Widow Mine x2  
  179  11:58  Marauder  
  186  12:06  Marauder  
  187  12:09  Marine x3  
  187  12:10  Marine, Medivac x2  
  195  12:15  Missile Turret  
  195  12:17  Widow Mine  
  195  12:18  Widow Mine  
  197  12:23  Command Center  
  194  12:43  Marine, Ghost, Marauder x3  
  193  13:02  Medivac x2  
  184  13:07  Marine x2, Marauder  
  184  13:12  SCV x4  
  190  13:18  Marauder  
  191  13:20  Terran Infantry Armor Level 3, Terran Infantry Weapons Level 3  
  191  13:21  Marine x6  
  191  13:24  SCV x3  
  192  13:37  Marine, Ghost  
  192  13:39  Ghost  
  197  13:41  Widow Mine  
  199  13:49  Marine  
  178  14:12  Marine, Marauder  
  178  14:15  Marine x3  
  143  14:22  Marine x4, Marauder  
  123  14:25  Widow Mine x2  
  123  14:30  Marine  
  118  14:33  Marine x4  
  120  14:39  Marine x3  
  120  14:40  Marine  
  120  14:43  Marine  
  121  14:47  SCV x3, Marine  
  121  14:51  Marine x4  
  121  14:52  SCV  
  127  14:57  Marine  
  127  14:58  Ghost  
  127  14:59  SCV x3, Marine  
  135  15:00  Marauder  
  135  15:01  Widow Mine x2  
  135  15:03  Viking x2  
  135  15:05  Marine, Marauder  
  147  15:09  Marauder  
  143  15:22  Widow Mine x2  
  143  15:24  Marine, Ghost  
  143  15:27  Ghost  
  150  15:33  Ghost, Viking x2  
  150  15:34  Marine x2  
  159  15:38  Marine x4  
  159  15:42  Marine  
  161  15:45  SCV x3  
  161  15:46  SCV x2  
  158  15:52  Marine x2  
  158  15:53  Marauder  
  158  15:56  Marine  
  168  15:57  SCV x3, Marauder x4  
  168  15:58  SCV  
  168  16:00  Marine  
  168  16:03  Marauder, Viking x2  
  177  16:11  Marine  
  173  16:14  Marauder  
  173  16:16  SCV x3  
  178  16:21  Marine  
  178  16:22  Marine, Marauder  
  178  16:23  Widow Mine x2  
  186  16:31  SCV x2  
  164  16:44  Marine x8, Marauder x2  
  164  16:46  Widow Mine  
  164  16:47  Widow Mine  
  175  17:01  Marine  
  175  17:02  Marine x5, Marauder x2  
  175  17:05  Marine x2  
  175  17:08  Widow Mine  
  184  17:19  Marine, Ghost  
  184  17:20  Marine x4  
  162  17:22  Ghost  
  162  17:23  Marine x2, Ghost  
  144  17:37  Marine x4  
  144  17:38  Marauder  
  144  17:41  Marine  
  144  17:42  Marauder  
  144  17:43  Orbital Command  
  153  17:48  Marine  
  154  17:51  Marine x2  
  154  17:55  Marine  
  147  17:59  Ghost x2  
  147  18:00  Marine x2  
  147  18:01  Marine  
  147  18:03  Widow Mine x2  
  160  18:06  Missile Turret  
  160  18:12  Ghost  
  160  18:13  Marine x2  
  160  18:17  Ghost  
  168  18:21  Marine x4  
  172  18:28  Marine  
  159  18:48  Marine, Marauder x2  
  159  18:49  Marine x4  
  159  18:51  SCV x2  
  159  18:52  SCV  
  159  18:53  Marauder x2  
  159  18:54  Marauder  
  151  19:06  Marine  
  151  19:07  Marine, Marauder  
  160  19:10  Marine  
Tags
 
Add a new tag
Caveats
  • Supply blocks, unpowered buildings, or Contaminate may cause inaccurate times.
  • Supply counts are checked every 10 seconds.